 Dungeon Crawl Stone Soup version 0.25.0-11-g1f837a76a1 (webtiles) character file.

Game seed: 11042281831177026920

9780 Apogee the Grappler (level 11, -1/109 HPs)
             Began as a Troll Fighter on June 27, 2020.
             Was an Elder of Makhleb.
             Slain by a nine-headed hydra (10 damage)
             ... on level 12 of the Dungeon.
             The game lasted 00:18:42 (8353 turns).

Apogee the Grappler (Troll Fighter)                 Turns: 8353, Time: 00:18:43

Health: -1/109     AC:  8    Str: 30    XL:     11   Next: 27%
Magic:  22/22      EV: 10    Int:  5    God:    Makhleb [****..]
Gold:   699        SH: 12    Dex:  9    Spells: 7/10 levels left

rFire    x . .     SeeInvis .     - Unarmed
rCold    + . .     Gourm    +   b - +1 kite shield
rNeg     . . .     Faith    .   a - +0 robe
rPois    .         Spirit   .   (helmet restricted)
rElec    .         Reflect  .   B - scarf {+Inv}
rCorr    .         Harm     .   (gloves unavailable)
MR       .....                  (boots unavailable)
Stlth    +.........             (no amulet)
HPRegen  0.68/turn              e - ring of magical power
MPRegen  0.18/turn              x - ring of ice

@: no status effects
A: large, unfitting armour, claws 3, horns 1, molten scales 1, fast metabolism
3, gourmand, regeneration 1, shaggy fur 1, strong 1, tough skin 3
a: Minor Destruction, Lesser Servant of Makhleb, Major Destruction, Renounce
Religion, Evoke Invisibility


You were on level 12 of the Dungeon.
You worshipped Makhleb.
Makhleb was greatly pleased with you.
You were completely stuffed.

You visited 2 branches of the dungeon, and saw 13 of its levels.

You collected 699 gold pieces.

Inventory:

Missiles
 q - 6 poisoned darts (quivered)
Armour
 a - a +0 robe (worn)
 b - a +1 kite shield (worn)
 j - a +0 cloak
 B - a scarf of invisibility (worn)
Jewellery
 e - a ring of magical power (left claw)
 x - a ring of ice (right claw)
 y - a cursed -4 ring of evasion {unknown}
Wands
 h - a wand of disintegration (18)
 k - a wand of acid (4)
 t - a wand of polymorph (43)
 v - a wand of iceblast (10)
 A - a wand of flame (24)
Scrolls
 g - 2 scrolls of vulnerability {unknown}
 l - 2 scrolls of fear {unknown}
 m - 2 scrolls of enchant armour
 n - 7 scrolls of identify
 o - 6 scrolls of remove curse
 s - a scroll of teleportation {unknown}
 u - 2 scrolls of fog
 w - 4 scrolls of blinking
 z - a scroll of amnesia
Potions
 c - a potion of might
 f - 3 potions of curing
 i - a potion of berserk rage
 p - a potion of heal wounds {unknown}
 r - 2 potions of mutation
 D - a potion of brilliance
Comestibles
 d - 20 rations
 C - 11 chunks of flesh


   Skills:
 + Level 7.5 Fighting
 - Level 2.4 Dodging
 - Level 9.0 Shields
 - Level 10.0 Unarmed Combat
 - Level 4.0 Invocations
 + Level 3.8 Evocations


You had 7 spell levels left.
You knew the following spells:

 Your Spells              Type           Power        Failure   Level  Hunger
a - Apportation           Tloc           #.....       47%         1    ##.....
b - Corona                Hex            #......      47%         1    ##.....
c - Infusion              Chrm           #...         47%         1    ##.....

Your spell library contained the following spells:

 Spells                   Type           Power        Failure   Level  Hunger
 Animate Skeleton         Necr           N/A          47%         1    ##.....
 Summon Butterflies       Summ           #.......     47%         1    ##.....
 Summon Small Mammal      Summ           #...         47%         1    ##.....
 Shroud of Golubria       Chrm/Tloc      #.....       63%         2    ###....
 Song of Slaying          Chrm           #.......     63%         2    ###....
 Lesser Beckoning         Tloc           #.........   85%         3    ####...
 Ozocubu's Armour         Chrm/Ice       #.......     85%         3    ####...
 Spectral Weapon          Hex/Chrm       #.......     85%         3    ####...
 Tukima's Dance           Hex            #.......     85%         3    ####...
 Alistair's Intoxication  Tmut/Pois      #.......     100%        5    ######.
 Invisibility             Hex            #.......     100%        6    #######


Dungeon Overview and Level Annotations

Branches:
Dungeon (12/15)            Temple (1/1) D:4             Orc (0/2) D:9
   Lair: D:8-11

Altars:
Ashenzari
Cheibriados
Elyvilon
Fedhas
Hepliaklqana
Kikubaaqudgha
Makhleb
Qazlal
Sif Muna
Trog
Uskayaw
Vehumet
Zin

Shops:
D:5 *

Annotations:
D:4 1 runed translucent door, Enish's ghost, amateur VSSu


Innate Abilities, Weirdness & Mutations

You are too large for most types of armour.
You have claws for hands.
Your metabolism is lightning-fast.
You like to eat raw meat.
Your natural rate of healing is unusually fast.
You are covered in fur. (AC +1)
You have extremely tough skin. (AC +3)
You have a pair of small horns on your head.
You are partially covered in molten scales. (AC +2)
Your muscles are strong. (Str +2)


Message History

You block the eight-headed hydra's attack.
The eight-headed hydra bites you but does no damage.
You block the eight-headed hydra's attack.
The eight-headed hydra bites you! x2; The eight-headed hydra bites you.
You block the eight-headed hydra's attack.
You tear one of the eight-headed hydra's heads off!
The seven-headed hydra grows two more!
You mangle the nine-headed hydra!!
Your headbutt misses the nine-headed hydra.
The nine-headed hydra is severely wounded.
Your hellwing hits the nine-headed hydra!
Your hellwing barely misses the nine-headed hydra.
The nine-headed hydra bites you.
* * * LOW HITPOINT WARNING * * *
The nine-headed hydra bites you!
* * * LOW HITPOINT WARNING * * *
You block the nine-headed hydra's attack.
The nine-headed hydra bites you!
* * * LOW HITPOINT WARNING * * *
The nine-headed hydra bites you!
You die...

#....((....... #..##.
#......(...... #.....
#..†.......... #.....
#............. #.....
#.............
#.....####.............
#.............÷........
#......................
##....4@................
.......D####............
#.......# #............
#..###..# #.)#.........
#. #..# #..#....<.... #
#..# #..#......### #..#
#..#......# #..#
#..#......# #..#
#..#......#


You could see a nine-headed hydra and a friendly hellwing (summoned).

Vanquished Creatures
  2 two-headed ogres (D:9)
  A kobold demonologist (D:12)
  2 trolls
  2 dream sheep (D:8)
  2 hippogriffs (D:12)
  Sigmund (D:4)
  2 wraiths
  6 yaks
  2 wyverns
  A steam dragon (D:9)
  2 hungry ghosts (D:9)
  Duvessa (D:7)
  An acid dragon (D:12)
  2 ice beasts
  2 eyes of draining
  3 orc warriors (D:7)
  2 black bears
  2 phantoms
  2 sky beasts
  A necrophage (D:7)
  4 ogres
  10 centaurs
  3 big kobolds (D:8)
  Dowan (D:7)
  3 bullfrogs
  7 scorpions
  3 killer bees (D:10)
  4 wights (D:9)
  5 howler monkeys
  6 crimson imps
  A jelly (D:6)
  A bullfrog zombie (D:6)
  3 hounds
  A bullfrog skeleton (D:8)
  5 orc priests
  2 centaur skeletons
  4 orc wizards (D:7)
  Terence (D:3)
  3 iguanas
  3 worker ants
  A killer bee zombie (D:8)
  6 ogre zombies (D:9)
  A howler monkey zombie (D:6)
  A worker ant zombie (D:9)
  14 gnolls
  6 adders
  2 oozes (D:1)
  2 adder zombies
  An adder skeleton (D:6)
  2 worms
  4 dart slugs
  8 leopard geckos
  22 orcs
  8 giant cockroaches
  3 goblins
  7 hobgoblins
  9 jackals
  5 quokkas
  3 bats (D:1)
  3 frilled lizards
  4 goblin zombies (D:9)
  2 hobgoblin skeletons (D:9)
  2 hobgoblin zombies (D:9)
  8 kobolds
  2 leopard gecko skeletons
  An orc skeleton (D:9)
  10 orc zombies (D:9)
  3 quokka skeletons
  A quokka zombie (D:8)
  8 rats
258 creatures vanquished.

Notes
Turn   | Place    | Note
-------+----------+-------------------------------------------
     0 | D:1      | Apogee the Troll Fighter began the quest for the Orb.
     0 | D:1      | Reached XP level 1. HP: 22/22 MP: 0/0
   136 | D:1      | Reached XP level 2. HP: 29/29 MP: 1/1
   533 | D:1      | Reached XP level 3. HP: 36/37 MP: 2/2
  1056 | D:2      | Reached skill level 3 in Unarmed Combat
  1577 | D:3      | Reached XP level 4. HP: 23/45 MP: 3/3
  1768 | D:3      | Reached skill level 4 in Unarmed Combat
  1989 | D:3      | Reached XP level 5. HP: 50/53 MP: 4/4
  2303 | D:3      | Noticed Terence
  2309 | D:3      | Killed Terence
  2419 | D:4      | Reached skill level 5 in Unarmed Combat
  2539 | D:4      | Found a runed translucent door.
  2542 | D:4      | Noticed Enish's ghost (amateur VSSu)
  2618 | D:4      | Found a staircase to the Ecumenical Temple.
  2642 | D:4      | Reached XP level 6. HP: 53/61 MP: 5/5
  2783 | D:4      | Noticed Sigmund
  2807 | Temple   | Entered the Ecumenical Temple
  2814 | Temple   | Became a worshipper of Makhleb the Destroyer
  2890 | D:4      | Killed Sigmund
  2890 | D:4      | Reached skill level 6 in Unarmed Combat
  2969 | D:4      | Learned a level 1 spell: Apportation
  3159 | D:4      | Learned a level 1 spell: Corona
  3167 | D:5      | Entered Level 5 of the Dungeon
  3347 | D:5      | Noticed an ice beast
  3352 | D:5      | Killed an ice beast
  3352 | D:5      | Reached skill level 7 in Unarmed Combat
  3352 | D:5      | Reached XP level 7. HP: 59/68 MP: 6/6
  3452 | D:5      | Found Luimos's Assorted Antiques.
  3986 | D:6      | Reached skill level 8 in Unarmed Combat
  4228 | D:6      | Reached XP level 8. HP: 78/79 MP: 7/7
  4285 | D:6      | Found a stormy altar of Qazlal.
  4285 | D:6      | Found a snail-covered altar of Cheibriados.
  4290 | D:6      | Found a shimmering blue altar of Sif Muna.
  4292 | D:6      | Found an ancient bone altar of Kikubaaqudgha.
  4293 | D:6      | Found a hide-covered altar of Uskayaw.
  4357 | D:6      | Reached * piety under Makhleb
  4535 | D:7      | Gained mutation: You have a pair of small horns on your
                  | head. [potion of mutation]
  4535 | D:7      | Gained mutation: You are partially covered in molten
                  | scales. (AC +2) [potion of mutation]
  4535 | D:7      | Gained mutation: Your muscles are strong. (Str +2) [potion
                  | of mutation]
  4598 | D:7      | Reached skill level 5 in Fighting
  4845 | D:7      | Found a hazy altar of Hepliaklqana.
  4979 | D:7      | Reached skill level 5 in Shields
  5016 | D:7      | Learned a level 1 spell: Infusion
  5133 | D:7      | Noticed Dowan
  5134 | D:7      | Noticed Duvessa
  5167 | D:7      | Killed Duvessa
  5167 | D:7      | Reached XP level 9. HP: 88/88 MP: 8/8
  5171 | D:7      | Killed Dowan
  5604 | D:8      | Reached ** piety under Makhleb
  5794 | D:8      | Reached skill level 9 in Unarmed Combat
  5862 | D:8      | Noticed a two-headed hydra
  5892 | D:9      | Noticed a troll
  6045 | D:8      | Found a white marble altar of Elyvilon.
  6411 | D:9      | Killed a troll
  6430 | D:9      | Reached XP level 10. HP: 87/97 MP: 9/9
  6449 | D:9      | Noticed a two-headed ogre
  6459 | D:9      | Killed a two-headed ogre
  6459 | D:9      | Reached skill level 10 in Unarmed Combat
  6459 | D:9      | Reached skill level 1 in Invocations
  6571 | D:9      | Noticed a two-headed ogre
  6588 | D:9      | Killed a two-headed ogre
  6596 | D:9      | Reached *** piety under Makhleb
  6830 | D:9      | Reached skill level 1 in Evocations
  6875 | D:9      | Found a staircase to the Orcish Mines.
  6877 | D:9      | Reached **** piety under Makhleb
  7025 | D:9      | You fall into a shaft and drop 1 floor!
  7025 | D:10     | Entered Level 10 of the Dungeon
  7987 | D:11     | Reached XP level 11. HP: 104/107 MP: 13/13
  8343 | D:12     | Noticed a five-headed hydra
  8353 | D:12     | Slain by a nine-headed hydra

Illustrated notes

Levels and vault maps discovered:
D:1:      minmay_arrival_widening_spiral_wide, layout_basic,
          hangedman_decor_lopped
D:2:      layout_loops_ring, first_ration
D:3:      layout_basic, minmay_checkerbox, uniq_terence
D:4:      layout_basic, minmay_temple_entry_overgrown,
          hellmonk_ghost_happy_afterlife, minmay_box_of_dots, uniq_sigmund
D:5:      layout_loops_cross, serial_shops, shop
D:6:      layout_basic, chequers_temple_overflow_minitemple, serial_glass,
          glass_columns_b, glass_columns_a, glass_columns_a, glass_columns_c,
          glass_columns_a, glass_columns_a
D:7:      layout_basic, lemuel_doored_altar, uniq_duvessa
D:8:      layout_cave_pools, hangedman_ranch [blue_anna_fruit_fields],
          elyvilon_altar_3
D:9:      layout_loops_ring, zombieorc1_lemuel
D:10:     layout_gridville
D:11:     layout_long_grid, dpeg_lair_monsters,
          gammafunk_ghost_wrathful_warriors
D:12:     layout_long_grid, special_room [special_room_bee]
Temple:   eino_temple_rhombus

Skill      XL: |  1  2  3  4  5  6  7  8  9 10 11 |
---------------+----------------------------------+-----
Fighting       | 3 4 6 7 |  7.5
Unarmed Combat | 3 4 5 7 8 9 10 | 10.0
Shields        | 5 7 9 |  9.0
Invocations    | 4 |  4.0
Evocations     | 2 3 |  3.8
Dodging        | |  2.4

Action                   |  1- 3 |  4- 6 |  7- 9 | 10-12 || total
-------------------------+-------+-------+-------+-------++-------
Melee: Unarmed           |    94 |   103 |   306 |   240 ||   743
       Punch             |     1 |     4 |     6 |       ||    11
       Headbutt          |       |       |    33 |    52 ||    85
Throw: Dart              |       |     3 |       |       ||     3
 Cast: Apportation       |       |     1 |       |       ||     1
Invok: Minor Destruction |       |       |     3 |       ||     3
       Lesser Servant of |       |       |       |     3 ||     3
Evoke: Wand              |       |       |     5 |       ||     5
  Use: Scroll            |     1 |       |     9 |       ||    10
       Potion            |       |       |     8 |     1 ||     9
 Stab: Sleeping          |     1 |     1 |       |       ||     2
  Eat: Chunk             |    20 |    10 |    28 |    27 ||    85
       Ration            |       |       |     1 |       ||     1
Armor: Robe              |    35 |    21 |   108 |    38 ||   202
       Skin              |       |     1 |       |       ||     1
Dodge: Dodged            |    48 |    45 |   118 |    66 ||   277
Block: Kite shield       |       |       |       |   130 ||   130
